 Dungeon Crawl Stone Soup version 0.29-a0-330-g52719c12eb (webtiles) character file.

Game seed: 10294737331010958107

207 spaghetti the Skirmisher (level 5, 0/47 HPs)
             Began as a Demonspawn Berserker on Apr 12, 2022.
             Was a Believer of Trog.
             Slain by a hound (5 damage)
             ... on level 4 of the Dungeon.
             The game lasted 00:04:51 (3664 turns).

spaghetti the Skirmisher (Demonspawn Berserker)     Turns: 3664, Time: 00:04:52

Health: 0/47       AC:  6    Str: 20    XL:     5   Next: 54%
Magic:  5/5        EV: 12    Int:  8    God:    Trog [**....]
Gold:   106        SH:  0    Dex: 12    Spells: 4/4 levels left

rFire   . . .      SeeInvis .   m - +2 short sword (drain) {short}
rCold   . . .      Faith    +   (no shield)
rNeg    . . .      Spirit   .   c - +1 robe {Will+}
rPois   .          Reflect  .   (no helmet)
rElec   .          Harm     .   (no cloak)
rCorr   .          Rampage  .   r - +0 pair of gloves
Will    +....                   (no boots)
Stlth   +.........              j - amulet of faith {!P}
HPRegen 0.15/turn               (no ring)
MPRegen 0.09/turn               (no ring)

@: on berserk cooldown, slowed, very slow
A: slimy green scales 1
a: Renounce Religion, Berserk, Trog's Hand


You were on level 4 of the Dungeon.
You worshipped Trog.
Trog was pleased with you.
You visited 1 branch of the dungeon, and saw 4 of its levels.

You collected 188 gold pieces.
You spent 82 gold pieces at shops.


Innate Abilities, Weirdness & Mutations

You are partially covered in slimy green scales. (AC +2)


   Skills:
 + Level 6.3 Fighting
 - Level 2.6 Long Blades
 - Level 1.7 Armour
 - Level 1.7 Dodging


You had 4 spell levels left.
You didn't know any spells.
Your spell library was empty.

Inventory:

Hand Weapons
 a - a +0 falchion {long}
 k - a +1 short sword of flaming {short}
   (You took it off a kobold on level 2 of the Dungeon)
 m - a +2 short sword of draining (weapon) {short}
   (You took it off a kobold on level 2 of the Dungeon)
Missiles
 i - 111 stones (quivered) {throwing}
Armour
 b - a +0 animal skin
 c - a +1 robe of willpower (worn)
   (You found it on level 1 of the Dungeon)
 r - a +0 pair of gloves (worn)
   (You found it on level 2 of the Dungeon)
Jewellery
 j - an amulet of faith (around neck) {!P}
   (You found it on level 1 of the Dungeon)
 q - a ring of poison resistance
   (You found it on level 2 of the Dungeon)
Wands
 l - a wand of iceblast (8)
   (You found it on level 2 of the Dungeon)
 w - a wand of paralysis (3)
   (You found it on level 3 of the Dungeon)
Scrolls
 d - 6 scrolls of teleportation {unknown}
 g - 2 scrolls of brand weapon {unknown}
 h - 2 scrolls of blinking {unknown}
 n - 4 scrolls of identify {unknown}
 p - a scroll of noise {unknown}
 s - 2 scrolls of vulnerability {unknown}
 t - a scroll of immolation {unknown}
 v - a scroll of enchant armour
Potions
 e - 3 potions of curing {unknown}
 f - a potion of lignification {unknown}
 o - a potion of degeneration {unknown}
 z - 2 potions of berserk rage {unknown}

Dungeon Overview and Level Annotations

Branches:
Dungeon (4/15)
 Temple: D:4-7

Altars:
Elyvilon
Qazlal

Shops:
D:3

* #..P≈≈♣...
#.........
#.........
+......... ########
#.........
#......####.....####
#.......§§O######
#......§§Sh#
#......§§@§#
#......§§§§#
#.........§#
#....[###'##
#.....#...#
#.....#...#
#.....#...#
#.....#...#
###'###...#


You could see an ogre, a hound and an adder.


Message History

No target in view!
No target in view!
No target in view!
No target in view!
No target in view!
Unknown command.
You now have 106 gold pieces (gained 11).
A hound comes into view.
A hound is nearby!
A hound is nearby!
A hound is nearby!
Found a stone staircase leading down.
The hound barks!
An endoplasm comes into view.
The endoplasm quivers.
The hound bites you but does no damage. The hound barely misses you.
You hit the hound. You drain the hound. The hound barely misses you.
You hit the hound. The hound closely misses you. The hound bites you. 😕 HP[-3]
You take 3 damage, and now have 43/46 hp.
You are too injured to fight recklessly!
You are too injured to fight recklessly!
You are too injured to fight recklessly!
You are too injured to fight recklessly!
You are too injured to fight recklessly!
You are too injured to fight recklessly!
You are too injured to fight recklessly!
You are too injured to fight recklessly!
You are too injured to fight recklessly!
Unknown command.
You closely miss the hound. The hound barely misses you.
You hit the hound.
You kill the hound!
Trog accepts your kill.
The endoplasm hits you but does no damage. 😕 HP[+1]
You now have 47 max hp (+1).
You hit the endoplasm. You drain the endoplasm. The endoplasm freezes you.
You are frozen. 😕 HP[-4]
You take 4 damage, and now have 40/47 hp.
You hit the endoplasm.
You kill the endoplasm!
Trog accepts your kill.
You start resting. 😎 HP[+7]
Your hp is fully restored (47).
You see here a hound corpse.
You open the door.
There is an open door here.
You see here a +0 barding.
Key pressed, stopping explore.
You open the door.
There is an open door here.
An ogre comes into view. It is wielding a +0 giant club.
An ogre is nearby!
An ogre is nearby!
An ogre and an adder come into view.
The ogre shouts!
You hear a bark!
You puncture the ogre!
The ogre hits you with a +0 giant club!! 😮 HP[-22]
You take 22 damage, and now have 25/47 hp.
MASSIVE DAMAGE!! (PAUSE)
A red film seems to cover your vision as you go berserk!
You feel yourself moving faster!
You feel mighty!
A hound comes into view. 😮 HP[+13]
You now have 70 max hp (+23).
You regained 13 hp, and now have 38/70 hp.
The hound barks!
You hit the ogre.
The ogre hits you with a +0 giant club!!
* * * LOW HITPOINT WARNING * * *
The adder bites you but does no damage. 😱 HP[-28]
You take 28 damage, and now have 10/70 hp.
MASSIVE DAMAGE!! (PAUSE)
You completely miss the ogre. The adder bites you but does no damage.
You closely miss the ogre. The ogre barely misses you.
The adder barely misses you.
Unknown command.
You feel a strong urge to attack something.
Unknown command. 😱 HP[+1]
You feel your anger nearly subside.
You are no longer berserk.
You are exhausted.
You feel yourself slow down. 😱 HP[-4]
You now have 47 max hp (-23).
As you read the scroll labelled VAGGEDOHUZ, it crumbles to dust.
The scroll dissolves into smoke.
It was a scroll of fog.
The adder bites you but does no damage.
As you read the scroll labelled ECWEODAZIP, it crumbles to dust.
Your body is wracked with pain!
* * * LOW HITPOINT WARNING * * *
The adder convulses!
The hound convulses!
The ogre convulses! x2
It was a scroll of torment.
The adder misses you. The hound bites you.
You die...

Skill      XL: |  1  2  3  4  5 |
---------------+----------------+-----
Fighting       | 4 5 6 |  6.3
Long Blades    | |  2.6
Armour         | |  1.7
Dodging        | |  1.7

Action                   |  1- 3 |  4- 6 || total
-------------------------+-------+-------++-------
Melee: Falchion          |    47 |       ||    47
       Short sword       |    35 |    70 ||   105
       Punch             |       |     1 ||     1
Invok: Berserk           |     2 |     3 ||     5
  Use: Scroll            |       |     2 ||     2
 Stab: Sleeping          |     2 |     1 ||     3
Armor: Robe              |    16 |    22 ||    38
       Animal skin       |     1 |       ||     1
Dodge: Dodged            |    57 |    40 ||    97

Levels and vault maps discovered:
D:1:      amcnicky_arrival_double_pillar, layout_basic, serial_bayou_ford_a
D:2:      layout_loops_ring, basic_altar, grunt_ministairs_7, uniq_jessica
D:3:      layout_basic, mainiacjoe_overflow_surrounded_room, serial_shops, shop,
          dreamdust_ecumenical_altar_angels_and_demons
D:4:      layout_gridville, nicolae_overflow_hidden_temple, serial_bayou,
          serial_bayou_shore_b, serial_bayou_lagoon_a, serial_bayou_pond_e,
          serial_bayou_pond_d, gammafunk_ghost_smash, nrook_loot_triangle

Notes
Turn   | Place    | Note
-------+----------+-------------------------------------------
     0 | D:1      | spaghetti the Demonspawn Berserker began the quest for the
                  | Orb.
     0 | D:1      | Reached XP level 1. HP: 18/18 MP: 1/1
     0 | D:1      | magus.rc [v1.9.6]
   573 | D:1      | Gained mutation: You are partially covered in slimy green
                  | scales. (AC +2) [demonic ancestry]
   573 | D:1      | Reached XP level 2. HP: 23/24 MP: 2/2
  1254 | D:2      | Reached skill level 4 in Fighting
  1596 | D:2      | Reached XP level 3. HP: 27/30 MP: 3/3
  1998 | D:2      | Noticed Jessica
  2001 | D:2      | Killed Jessica
  2008 | D:2      | Reached XP level 4. HP: 38/38 MP: 4/4
  2014 | D:2      | Reached skill level 5 in Fighting
  2017 | D:2      | HP: 7/39 [gnoll/+0 spear (6)]
  2019 | D:2      | HP: 2/39 [gnoll/+0 spear (2)]
  2020 | D:2      | Reached ** piety under Trog
  2989 | D:3      | Found Ydesemp's General Store.
  2999 | D:3      | Bought a scroll of enchant armour for 82 gold pieces
  3010 | D:3      | Found a stormy altar of Qazlal.
  3096 | D:3      | Reached XP level 5. HP: 44/46 MP: 5/5
  3169 | D:3      | Found a faded altar of an unknown god.
  3265 | D:3      | Reached skill level 6 in Fighting
  3651 | D:4      | Noticed an ogre
  3652 | D:4      | Noticed an ogre
  3656 | D:4      | HP: 10/70 [ogre/+0 giant club (28)]
  3664 | D:4      | HP: 5/47 [/a scroll of torment (2)]
  3664 | D:4      | Slain by a hound

Vanquished Creatures
  A hound (D:4)
  An iguana (D:3)
  Jessica (D:2)
  4 gnolls (D:2)
  3 adders
  A dart slug (D:1)
  An orc (D:3)
  7 endoplasms
  6 goblins
  4 hobgoblins
  7 kobolds
  3 quokkas
  6 ball pythons
  6 bats
  5 rats
56 creatures vanquished.

Vanquished Creatures (others)
  A plant (D:1)
1 creature vanquished.

Grand Total: 57 creatures vanquished

Table legend:
 A = Non-vault XP
 B = Vault XP
 C = Vault XP percentage of total XP
 D = Non-vault monster count
 E = Vault monster count
 F = Vault count percentage of total count
                 A         B        C        D         E       F
            +---------+---------+-------+---------+---------+-------
      Total |     257 |      40 |  13.5 |      53 |       3 |   5.4
            +---------+---------+-------+---------+---------+-------
        D:1 |      23 |       0 |   0.0 |      12 |       0 |   0.0
        D:2 |      81 |      40 |  33.1 |      17 |       3 |  15.0
        D:3 |      95 |       0 |   0.0 |      21 |       0 |   0.0
        D:4 |      58 |       0 |   0.0 |       3 |       0 |   0.0
            +---------+---------+-------+---------+---------+-------

Illustrated notes

Table legend:
 A = Kills in this place as a percentage of kills in entire the game.
 B = Kills by you in this place as a percentage of kills by you in the entire game.
 C = Kills by friends in this place as a percentage of kills by friends in the entire game.
 D = Other kills in this place as a percentage of other kills in the entire game.
 E = Experience gained in this place as a percentage of experience gained in the entire game.
 F = Experience gained in this place divided by the number of levels of this place that you have seen.
                   A       B       C       D       E      F
               +-------+-------+-------+-------+-------+----------------------
         Total | 100.0 | 100.0 |   N/A |   N/A | 100.0 |  74.2
       Dungeon | 100.0 | 100.0 |   N/A |   N/A | 100.0 |  74.2
               +-------+-------+-------+-------+-------+----------------------

Table legend: (Time is in decaauts)
 A = Elapsed time spent in this place.
 B = Non-inter-level travel time spent in this place.
 C = Inter-level travel time spent in this place.
 D = Time resting spent in this place.
 E = Time spent auto-exploring this place.
 F = Levels seen in this place.
 G = Mean time per level.
                   A        B        C        D        E       F      G
               +--------+--------+--------+--------+--------+-----+--------+
         Total |   3713 |   3659 |     54 |   1048 |   2204 |   4 |  928.2 |
       Dungeon |   3713 |   3659 |     54 |   1048 |   2204 |   4 |  928.2 |
               +--------+--------+--------+--------+--------+-----+--------+

Top non-repeatable levels by time:
     D:1: 1244 daAuts
     D:2: 1197 daAuts
     D:3: 1150 daAuts
     D:4: 121 daAuts
